 Dungeon Crawl Stone Soup version 0.28.0-1-gb440e238dd (webtiles) character file.

Game seed: 7330029222965102394

42 sanka the Conjurer (level 3, -7/21 HPs)
             Began as a Merfolk Conjurer on Feb 22, 2022.
             Was a Follower of Hepliaklqana.
             Blown up by Ijyb (17 damage)
             ... with a mindburst bolt
             ... on level 2 of the Dungeon.
             The game lasted 00:04:21 (1729 turns).

sanka the Conjurer (Merfolk Conjurer)               Turns: 1729, Time: 00:04:22

Health: -7/21      AC:  2    Str:  7    XL:     3   Next: 56%
Magic:  4/6        EV: 13    Int: 17    God:    Hepliaklqana [*.....]
Gold:   94         SH:  0    Dex: 14    Spells: 3/6 levels left

rFire   . . .      SeeInvis .   f - +0 rapier
rCold   . . .      Faith    .   (no shield)
rNeg    . . .      Spirit   .   a - +0 robe
rPois   .          Reflect  .   (no helmet)
rElec   .          Harm     .   (no cloak)
rCorr   .          Rampage  .   (no gloves)
Will    .....                   (no boots)
Stlth   ++........              (no amulet)
HPRegen 0.07/turn               (no ring)
MPRegen 0.10/turn               (no ring)

@: no status effects
A: reduced essence, (nimble swimmer 2), mertail
a: Renounce Religion, Recall Ancestor, Ancestor Identity


You were on level 2 of the Dungeon.
You worshipped Hepliaklqana.
Hepliaklqana was aware of your devotion.
You visited 1 branch of the dungeon, and saw 2 of its levels.

You collected 94 gold pieces.

Inventory:

Hand Weapons
 f - a +0 rapier (weapon)
Armour
 a - a +0 robe (worn)
Scrolls
 b - a scroll of fog {unknown}
 e - a scroll of fear {unknown}
Potions
 c - a potion of heal wounds {unknown}
 d - a potion of curing {unknown}
 g - 2 potions of haste {unknown}


   Skills:
 + Level 3.5 Dodging
 - Level 2.1 Stealth
 - Level 2.0 Spellcasting
 - Level 4.0 Conjurations


You had 3 spell levels left.
You knew the following spells:

 Your Spells              Type           Power      Damage    Failure   Level
a - Magic Dart            Conj           60%        1d6       3%          1
b - Searing Ray           Conj           30%        2d5       5%          2

Your spell library contained the following spells:

 Spells                   Type           Power      Damage    Failure   Level
 Dazzling Flash           Conj/Hex       16%        N/A       26%         3
 Fulminant Prism          Conj/Hex       4%         3d6       63%         4
 Iskenderun's Mystic Bla  Conj/Tloc      8%         2d4       63%         4


Dungeon Overview and Level Annotations

Branches:
Dungeon (2/15)

Altars:
Hepliaklqana

Shops:
D:1 :[(!!

Annotations:
D:2 Ijyb


Innate Abilities, Weirdness & Mutations

Your life essence is reduced to manifest your ancestor. (-10% HP)
((You are very nimble when in or above water. (Stealth+, EV+, Speed+++)))
Your lower body shifts to a powerful aquatic tail in water.


Message History

Unknown command.
You hit the goblin.
You kill the goblin!
You barely miss the goblin.
The goblin closely misses Matia.
You closely miss the goblin. The goblin barely misses you.
Matia hits the goblin.
The goblin dies!
The goblin barely misses Matia.
Ijyb and a goblin come into view.
Ijyb is wielding a +0 dagger, wearing a +2 chain mail of cold resistance and carrying a wand of mindburst (3).
The goblin closely misses you. x2
A goblin comes into view. It is wielding a +0 club.
Items here: )) ††.
You hit the goblin.
You kill the goblin!
The goblin misses you.
A hobgoblin comes into view.
The goblin hits you with a +0 dagger.
You hit the goblin.
The goblin is heavily wounded.
The goblin hits you with a +0 dagger.
Matia closely misses the goblin.
The hobgoblin wields a +0 hunting sling.
The hobgoblin shoots a stone.
The stone barely misses you.
The stone misses Ijyb.
Unknown command.
Matia hits Ijyb but does no damage.
Items here: )) ††.
Matia hits Ijyb but does no damage.
Ijyb hits Matia with a +0 dagger.
The hobgoblin shoots a stone.
The stone hits Matia.
You barely miss the goblin.
Matia barely misses the goblin.
The hobgoblin shoots a stone.
The stone completely misses Matia.
The stone hits Ijyb but does no damage.
The goblin hits Matia with a +0 club.
Matia is destroyed!
Ijyb zaps a wand.
Your mind is blasted!
Ijyb zaps a wand.
Your mind is blasted!
Ijyb zaps a wand.
Your mind is blasted!
Ouch! That really hurt!
You die...

...............÷....
######......##.##### ##
##....<.....##
.############.....#
.........###.....##
#........##...##.###
#)........†.####.R.#####
#)..........# ###.....##
.........#######@.........
##############............
# ##.....#..........
#8.....8#.g#####..........
#.......#.## ##....####.
#8.....8#.# ....>#
#.......#.# .#...#
#8...g.8#g# ##.. ...#
#.......#.##..... ...#


You could see Ijyb.

Vanquished Creatures
  2 adders (D:2)
  A bat (D:2)
  3 endoplasms
  4 goblins (D:2)
  2 hobgoblins
  A quokka (D:2)
  3 ball pythons
  4 frilled lizards
  3 rats
23 creatures vanquished.

Vanquished Creatures (collateral kills)
  A goblin (D:2)
1 creature vanquished.

Vanquished Creatures (others)
  2 ancestors (D:2)
2 creatures vanquished.

Grand Total: 26 creatures vanquished

Notes
Turn   | Place    | Note
-------+----------+-------------------------------------------
     0 | D:1      | sanka the Merfolk Conjurer began the quest for the Orb.
     0 | D:1      | Reached XP level 1. HP: 13/13 MP: 3/3
    52 | D:1      | Found Udir's Distillery.
   114 | D:1      | Found Ynaih's Antique Armour Boutique.
   466 | D:1      | Found Nikam's Distillery.
   474 | D:1      | Found Feril's Antique Weapon Emporium.
   947 | D:1      | Found Meecumohe's Book Emporium.
   963 | D:1      | Found a faded altar of an unknown god.
   989 | D:1      | Prayed at the altar of an unknown god.
   989 | D:1      | Became a worshipper of Hepliaklqana the Forgotten
   989 | D:1      | Reached * piety under Hepliaklqana
  1242 | D:2      | Reached XP level 2. HP: 17/17 MP: 1/5
  1367 | D:2      | Learned a level 2 spell: Searing Ray
  1524 | D:2      | Reached skill level 4 in Conjurations
  1587 | D:2      | Reached XP level 3. HP: 21/21 MP: 4/6
  1711 | D:2      | Noticed Ijyb
  1729 | D:2      | Blown up by Ijyb

Illustrated notes

Levels and vault maps discovered:
D:1:      mrwooster_arrival_statue, layout_loops_corners, serial_shops,
          nicolae_diamond_shop, shop, shop, nicolae_shop_stone,
          nicolae_shop_hallway_plus, ebering_ecumenical_altar_webs,
          kennysheep_pointless_box
D:2:      kennysheep_the_goblin_king, layout_rooms, minmay_tromino_v2

Skill      XL: |  1  2  3 |
---------------+----------+-----
Conjurations   | 4 |  4.0
Dodging        | 3 |  3.5
Stealth        | |  2.1
Spellcasting   | |  2.0

Action                   || total
-------------------------++-------
Melee: Unarmed           ||     8
       Rapier            ||     7
 Cast: Magic Dart        ||    42
Dodge: Dodged            ||    20
